Unix NetHack Version 3.7.0-59 Work-in-progress - last build Jun 21 2022 21:34:18 (82e59222e4b6558e33156aede0636042c14940b8,branch:master). Game began 2022-06-16 16:05:13, ended 2022-08-18 16:48:38. rustyspoon, lawful male human Samurai ----- ------- |...| |.....| --...------- |....[| |..........| |..@..---- |...---....--- ---......| |... |.....q| |...)--- -| -----|---------|--- . |.....).......|..| ----|---|---H--..| |....| |..@...| ------ -------- Rustyspoon the Ryoshu St:25 Dx:18 Co:18 In:12 Wi:15 Ch:12 Lawful Dlvl:47 $:0 HP:0(287) Pw:72(72) AC:-36 Exp:15 T:31088 Burdened Latest messages: You can see again. There are several objects here. What do you want to use or apply? [bekms-vzMR or ?*] A tower of flame erupts from the floor! You are uninjured. The Book of the Dead glows a strange dark red, but remains intact. Both of your potions called water boil and explode! What do you want to use or apply? [bekms-vzMR or ?*] You have a little trouble removing f - a blessed potion called water. What do you want to use or apply? [bekms-vzMR or ?*] You have a little trouble removing V - an uncursed wand of wishing (0:2). What do you want to use or apply? [bekms-vzMRV or ?*] You put a blessed potion called water into the bag of holding. A tower of flame erupts from the floor! You are uninjured. The Book of the Dead glows a strange dark red, but remains intact. You hear a chugging sound. What do you want to use or apply? [bekms-vzMRV or ?*] You have a little trouble removing H - 2 uncursed potions of gain energy. You have a little trouble removing c - a blessed potion of gain level. You have a little trouble removing I - an uncursed potion of gain level. You have a little trouble removing U - a potion of gain level. You have a little trouble removing q - a blessed potion of healing. You have a little trouble removing i - a potion of healing. You have a little trouble removing N - 3 uncursed potions of speed. You have a little trouble removing S - 2 potions of speed. You drop a blessed potion of gain level. You drop a potion of healing. You drop a blessed potion of healing. You drop 2 uncursed potions of gain energy. You drop an uncursed potion of gain level. You drop 3 uncursed potions of speed. You drop 2 potions of speed. Your movements are now unencumbered. You drop a potion of gain level. A tower of flame erupts from the floor! You are uninjured. The Book of the Dead glows a strange dark red, but remains intact. What do you want to zap? [zV or ?*] You may wish for an object. T - a greased cockatrice corpse. Your movements are slowed slightly because of your load. What do you want to wield? [- auw or ?*] T - a greased cockatrice corpse (wielded). You can no longer wield two weapons at once. You fall down the stairs. Falling, you touch the cockatrice corpse. You turn to stone... Do you want your possessions identified? [ynq] (y) Do you want to see your attributes? [ynq] (y) Major events: Turn 1: rustyspoon the lawful female human Samurai entered the dungeon 833: entered the Gnomish Mines 849: attained the rank of Ronin (level 3) 1374: destroyed post163's ghost, the former Evoker 1902: reached Mine Town 2120: attained the rank of Kunoichi (level 6) 3498: destroyed laura's ghost, the former Rogue 5492: entered Sokoban 5715: completed sokoban 1 6069: completed sokoban 2 6292: completed sokoban 3 6908: attained the rank of Joshu (level 10) 7281: completed sokoban 4 7759: had Excalibur thrown at them by some watery tart 7892: acquired the Sokoban amulet of reflection 9777: made her first wish - "blessed greased +2 blue dragon scale mail", got "a greased blue dragon scale mail" 11972: acquired the Mines' End luckstone 14875: destroyed MrWarthog's ghost, the former Student of Stones 19038: performed his first genocide (class h) 19669: killed Medusa 20505: wished for "blessed fixed ring of free action", got "an iron ring" 20806: entered Gehennom 21176: attained the rank of Ryoshu (level 14) 22748: was crowned "The Hand of Elbereth" by Amaterasu Omikami 23038: wished for "blessed fixed +2 helm of telepathy", got "a visored helmet" 25034: killed Ashikaga Takauji 25038: found the Tsurugi of Muramasa on the floor 25038: acquired the Bell of Opening 25900: wished for "blessed fixed ring of teleport control", got "a wire ring" 25902: wished for "blessed fixed ring of conflict", got "a gold ring" 26175: killed Juiblex 27479: killed the invisible Asmodeus 27774: killed the invisible Baalzebub 28222: destroyed Vlad the Impaler 28233: acquired the Candelabrum of Invocation 28567: killed Orcus 30894: killed the Wizard of Yendor 30909: acquired the Book of the Dead 30924: performed the invocation 31029: killed Yeenoghu 31086: wished for "blessed greased cockatrice corpse", got "a greased cockatrice corpse" 31088: petrified by a cockatrice corpse Inventory: Amulets l - an uncursed amulet of reflection (being worn) Weapons a - the blessed rustproof +6 Excalibur w - a blessed rustproof +7 katana (alternate weapon; not wielded) Armor A - a blessed +4 Hawaiian shirt with a water nymph motif (being worn) B - a blessed greased +4 blue dragon scale mail (being worn) C - a blessed greased fireproof +4 cloak of magic resistance (being worn) D - a blessed fireproof +4 pair of water walking boots (being worn) E - a blessed rustproof +5 pair of gauntlets of power (being worn) F - a blessed rustproof +4 helm of telepathy (being worn) Comestibles L - a cursed lizard corpse named KFC T - a blessed greased cockatrice corpse (wielded) Spellbooks M - the uncursed Book of the Dead Rings p - a blessed ring of free action (on right hand) r - a blessed ring of teleport control y - a blessed ring of conflict (on left hand) W - a blessed +1 ring of increase damage Wands z - an uncursed wand of digging (0:3) V - an uncursed wand of wishing (0:1) Tools b - a blessed greased bag of holding containing 103 items e - an uncursed stethoscope k - an uncursed skeleton key m - the uncursed Candelabrum of Invocation (7 of 7 candles, lit) s - a cursed sack named cancellation containing 6 items t - an uncursed blindfold u - a blessed +0 unicorn horn named h v - a blessed magic lamp (lit) R - the uncursed Bell of Opening (0:2) Gems/Stones x - a blessed luckstone Contents of the bag of holding: an uncursed amulet of life saving an uncursed amulet of life saving an uncursed -1 helm of opposite alignment a blessed burnt +2 pair of jumping boots an uncursed +0 mummy wrapping 10 uncursed gunyoki an uncursed lizard corpse named MCD 31 blessed scrolls of blank paper 4 uncursed scrolls of earth a blessed scroll of enchant armor a blessed scroll of enchant weapon a blessed scroll of enchant weapon 2 uncursed scrolls of fire 2 uncursed scrolls of gold detection 2 uncursed scrolls of gold detection 6 blessed scrolls of identify 2 uncursed scrolls of identify a blessed scroll of scare monster 2 uncursed scrolls of taming 2 blessed scrolls of teleportation 2 uncursed scrolls of teleportation 27 uncursed scrolls of teleportation a cursed scroll of teleportation an uncursed diluted potion of extra healing 3 uncursed diluted potions of extra healing an uncursed diluted potion of full healing a cursed diluted potion of full healing 7 cursed potions of gain level 2 blessed potions of restore ability 11 potions of holy water 3 uncursed potions of water an uncursed potion of water 5 potions of unholy water an uncursed ring of conflict an uncursed ring of free action an uncursed ring of levitation an uncursed ring of levitation an uncursed ring of teleport control an uncursed wand of cold (0:7) an uncursed wand of cold (0:6) an uncursed wand of cold (0:4) an uncursed wand of cold (0:2) an uncursed wand of death (1:7) an uncursed wand of death (0:6) an uncursed wand of death (0:2) an uncursed wand of death (0:0) an uncursed wand of digging (0:8) an uncursed wand of digging (0:7) an uncursed wand of digging (0:6) an uncursed wand of digging (0:6) an uncursed wand of digging (0:5) an uncursed wand of digging (0:4) an uncursed wand of fire (0:8) an uncursed wand of fire (0:7) an uncursed wand of fire (0:6) an uncursed wand of fire (0:5) an uncursed wand of fire (0:5) an uncursed wand of fire (0:4) an uncursed wand of light (0:12) an uncursed wand of light (0:11) an uncursed wand of light (0:1) an uncursed wand of lightning (0:3) an uncursed wand of magic missile (0:6) an uncursed wand of magic missile (0:5) an uncursed wand of magic missile (0:3) an uncursed wand of polymorph (0:6) a blessed wand of sleep (0:5) an uncursed wand of sleep (0:8) an uncursed wand of sleep (0:5) an uncursed wand of sleep (0:4) an uncursed wand of sleep (0:3) an uncursed wand of striking (0:8) an uncursed wand of striking (0:7) an uncursed wand of striking (0:6) an uncursed wand of striking (0:6) an uncursed wand of striking (0:5) an uncursed wand of striking (0:4) an uncursed wand of striking (0:4) an uncursed wand of striking (0:3) an uncursed wand of teleportation (0:8) an uncursed wand of teleportation (0:8) an uncursed wand of teleportation (0:6) an uncursed wand of teleportation (0:6) an uncursed wand of teleportation (0:6) an uncursed wand of teleportation (0:6) an uncursed wand of teleportation (0:2) an uncursed wand of teleportation (0:2) an uncursed wand of teleportation (0:2) an uncursed wand of teleportation (0:0) an uncursed wand of wishing (1:2) an uncursed bugle an uncursed can of grease (0:20) an uncursed can of grease (0:5) a blessed magic lamp an uncursed magic marker (0:84) an uncursed magic marker (0:74) an uncursed magic marker (0:68) an uncursed magic whistle an uncursed +0 pick-axe 4 uncursed tallow candles an uncursed wax candle an uncursed amethyst stone a blessed touchstone Contents of the sack named cancellation: a blessed wand of cancellation (0:4) an uncursed wand of cancellation (0:8) an uncursed wand of cancellation (0:8) an uncursed wand of cancellation (0:7) an uncursed wand of cancellation (0:6) an uncursed wand of cancellation (0:4) Rustyspoon the Samurai's attributes: Background: You were a Ryoshu, a level 15 male human Samurai. You were lawful, on a mission for Amaterasu Omikami who was opposed by Raijin (neutral) and Susanowo (chaotic). You started out female. You were in Gehennom, on level 47. You entered the dungeon 31088 turns ago. You had 162266 experience points, 157734 more were needed to attain level 16. Basics: You had 0 out of 287 hit points. You had all 72 energy points (spell power). Your armor class was -36. Your wallet was empty. Autopickup was off. Final Characteristics: Your strength was 25 (base:18/29, innate limit:18/100). Your dexterity was 18 (limit:18). Your constitution was 18 (limit:18). Your intelligence was 12 (limit:18). Your wisdom was 15 (limit:18). Your charisma was 12 (limit:18). Final Status: You were not hungry. You were burdened; movement was slightly slowed. You were wielding a corpse. Final Attributes: You were the Hand of Elbereth. You were piously aligned. You were magic-protected. You were fire resistant. You were cold resistant. You were sleep resistant. You were disintegration-resistant. You were shock resistant. Your items were protected from electric shocks. You were poison resistant. You saw invisible. You were telepathic. You were invisible to others. You were stealthy. You caused conflict. You could walk on water. You had a moderate defense bonus (+8). You were warded. You were very fast. You had reflection. You had free action. You were extremely lucky. You had extra luck. Good luck did not time out for you. You are dead. Miscellaneous: You encountered 3 bones levels. Total elapsed playing time was 5 hours, 9 minutes and 8 seconds. Vanquished creatures: Asmodeus Baalzebub Orcus Yeenoghu Juiblex the Wizard of Yendor Vlad the Impaler a mastodon Medusa 8 krakens 3 master liches 2 storm giants a glass golem a balrog a purple worm 3 gray dragons a silver dragon a red dragon 2 orange dragons a black dragon 3 blue dragons 2 green dragons a yellow dragon 8 minotaurs 2 jabberwocks Ashikaga Takauji a baluchitherium 6 demiliches 2 stone golems an Olog-hai a Nazgul 2 pit fiends a hell hound 3 displacer beasts 2 titanotheres a trapper a baby green dragon a genetic engineer 2 disenchanters 20 vampire leaders 4 skeletons 2 captains 6 shades 6 liches a clay golem 5 nurses 4 ice devils a nalfeshnee an ettin 21 vampires 6 lieutenants 30 ghosts 10 samurai a queen bee a mind flayer 6 giant mimics 3 long worms 2 zruties 7 ogre tyrants an ice troll 3 rock trolls 6 umber hulks a flesh golem 2 elven monarchs 2 doppelgangers 11 hezrous 8 bone devils 6 large mimics 2 wumpuses 34 stalkers an air elemental 6 fire elementals 3 earth elementals a water elemental a hill giant 4 giant mummies 6 xorns 16 giant zombies 7 elf-nobles 12 sergeants 5 barbed devils a vrock 9 wargs 3 winter wolves 5 hell hound pups 11 small mimics a warhorse 2 steam vortices 6 xans 2 ettin mummies 4 ogre leaders 5 quantum mechanics 5 trolls a sasquatch 2 wood golems an erinys 3 mariliths 4 sharks 7 gelatinous cubes 2 pyrolisks a large dog 3 freezing spheres 5 flaming spheres 4 shocking spheres a large cat 2 tigers 4 gargoyles 4 dwarf rulers 4 tengu 8 ochre jellies 3 leocrottas 3 energy vortices 4 mountain centaurs a stone giant 2 elf mummies 2 human mummies 4 red nagas a green slime 2 pythons 2 pit vipers 3 cobras 28 wraiths a carnivorous ape 20 ettin zombies 2 leather golems 11 Grey-elves 40 soldiers 4 amorous demons 4 horned devils 4 chameleons 4 giant beetles 3 quivering blobs 14 cockatrices 72 wolves 6 winter wolf cubs a panther 7 gremlins 43 leprechauns 9 orc-captains 3 iron piercers 2 mumakil 7 giant spiders 5 scorpions 5 horses 2 ice vortices 6 black lights 7 vampire bats 3 forest centaurs 2 gnome rulers 7 orc mummies 5 dwarf mummies 11 ogres 2 brown puddings 6 rust monsters 6 owlbears 6 yetis a gold golem 4 werewolves 10 Green-elves 2 piranha 12 giant eels 16 lizards 21 ninja 5 chickatrices a dingo 5 dogs a housecat 6 jaguars a dwarf leader 2 blue jellies 2 gray unicorns 7 black unicorns 6 dust vortices 30 ravens 2 plains centaurs 5 gnome mummies 10 snakes 11 apes 13 human zombies 4 rope golems 6 Woodland-elves 3 soldier ants 2 fire ants 12 bugbears 2 imps 3 lemures 4 quasits 10 wood nymphs 6 water nymphs 6 mountain nymphs 7 Mordor orcs 22 Uruk-hai 9 orc shamans 11 rock piercers 3 rock moles 6 ponies 3 fog clouds 14 yellow lights 4 shriekers 3 violet fungi 15 gnome leaders 6 gnomish wizards 2 kobold mummies a golden naga hatchling 3 gray oozes 3 barrow wights 10 elf zombies 10 ghouls a straw golem 2 jellyfish 8 giant ants a little dog 7 floating eyes 3 kittens 8 dwarves 6 homunculi 6 kobold leaders a kobold shaman 24 hill orcs 14 rothes 2 rabid rats 5 centipedes 6 giant bats 2 monkeys 14 orc zombies 14 dwarf zombies 4 wererats 4 werejackals 10 iguanas 13 killer bees 8 acid blobs 4 coyotes 2 gas spores 2 hobbits 10 manes 4 large kobolds 17 hobgoblins an orc 4 giant rats 3 cave spiders 2 brown molds 3 yellow molds a green mold 60 gnomes 24 garter snakes 4 gnome zombies 3 geckos 6 jackals a fox 4 kobolds 13 goblins 2 sewer rats 20 grid bugs 9 lichens 11 kobold zombies 5 newts 1585 creatures vanquished. Genocided species: hobbits dwarves bugbears dwarf leaders dwarf rulers mind flayers master mind flayers 7 species genocided. Voluntary challenges: You read items or engraved 91 times. You never engraved Elbereth. You genocided 7 types of monsters. You never polymorphed an object. You never changed form. You used 6 wishes. You did not wish for any artifacts. You did not violate any of the special Sokoban rules. Achievements: You entered a shop. You entered the Gnomish Mines. You attained the rank of Ronin. You entered Minetown. You attained the rank of Kunoichi. You entered Sokoban. You attained the rank of Joshu. You completed Sokoban. You completed the Gnomish Mines. You defeated Medusa. You learned the tune to open and close the Castle's drawbridge. You entered Gehennom. You attained the rank of Ryoshu. You entered a temple. You had the Bell of Opening. You had the Candelabrum of Invocation. You had the Book of the Dead. You gained access to Moloch's Sanctum. The Dungeons of Doom: levels 1 to 25 Level 1: A fountain. Level 2: A shop, a fountain, a grave. Stairs down to The Gnomish Mines. Level 3: A general store, a grave. Level 4: "stash chest" A fountain. Final resting place for laura-Rog-Orc-Fem-Cha, killed by a pony. Level 5: Level 6: A general store. Level 7: Many fountains. Oracle of Delphi. Level 8: An altar to Amaterasu Omikami. Stairs up to Sokoban, level 7. Level 9: Level 10: Level 11: Level 12: A general store, a fountain. Level 13: A fountain, a grave. Final resting place for MrWarthog-Mon-Hum-Mal-Law, killed by a jabberwock. Level 14: Portal to The Quest. Level 15: Level 16: A primitive area. Level 17: Level 18: A grave. Level 19: Level 20: A sink. Level 21: Level 22: A fountain, many trees. Level 23: Level 24: Level 25: "/[ stash" A fountain. The castle (play notes "DGDBF" to open or close drawbridge). Connection to Gehennom. Gehennom: levels 26 to 47 Level 26: A temple, many graves. Valley of the Dead. Level 27: Level 28: Level 29: Level 30: Level 31: Level 32: Level 33: Level 34: Level 35: Some shops, an altar, many graves. Stairs up to Vlad's Tower, level 34. Level 36: Level 37: Level 38: Level 39: Level 40: Level 41: Level 42: Level 43: Level 44: Level 45: Level 46: Gateway to Moloch's Sanctum. Level 47: <- You were here. Final resting place for you, petrified by a cockatrice corpse. The Gnomish Mines: levels 3 to 11 Level 3: "sell stash >" Level 4: Final resting place for post163-Wiz-Hum-Mal-Neu, fell into a pit of iron spikes. Level 5: "speed boots 0 _" An altar to Amaterasu Omikami, some fountains. Level 6: Level 7: Level 8: Level 9: Level 10: "poly, coaligned uni" Level 11: Some fountains. The Quest: levels 1 to 6 Level 1: Completed quest for Lord Sato. Level 2: Level 3: Level 4: Level 5: "! >" Level 6: Sokoban: levels 7 up to 4 Level 4: "backup mithrils" Solved. Level 5: Solved. Level 6: Solved. Level 7: "stash 0" Solved. Vlad's Tower: levels 34 up to 32 Level 32: Level 33: Level 34: Game over: ---------- / \ / REST \ / IN \ / PEACE \ / \ | rustyspoon | | 0 Au | | petrified by a | | cockatrice | | corpse | | | | 2022 | *| * * * | * _________)/\\_//(\/(/\)/\//\/|_)_______ Sayonara rustyspoon the Samurai... You turned to stone in Gehennom on dungeon level 47 with 803202 points, and 0 pieces of gold, after 31088 moves. You were level 15 with a maximum of 287 hit points when you turned to stone.